 Dungeon Crawl Stone Soup version 0.30-a0-1035-g38d5fb2972 (webtiles) character file.

Game seed: 1973825910027827567

742 DeathPants the Stinger (level 7, -7/53 (55) HPs)
             Began as a Naga Venom Mage on Apr 8, 2023.
             Was an Initiate of Kikubaaqudgha.
             Splashed by a jelly's acid (8 damage)
             ... on level 4 of the Dungeon.
             The game lasted 00:16:26 (4800 turns).

DeathPants the Stinger (Naga Venom Mage)            Turns: 4800, Time: 00:16:27

HP:   -7/53 (55)    AC: -13   Str: 12    XL:     7   Next: 76%
MP:   13/13         EV: 10    Int: 15    God:    Kikubaaqudgha [......]
Gold: 227           SH:  0    Dex: 12    Spells: 4/14 levels left

rFire   . . .      SeeInvis +    a - +2 dagger (venom)
rCold   . . .      Faith    .    (no shield)
rNeg    . . .      Spirit   .    l - +0 robe
rPois   +          Reflect  .    (no helmet)
rElec   .          Rampage  .    j - +2 cloak "Vammezxiy" {Slay+6}
rCorr   .                        (no gloves)
Will    .....                    (no barding)
Stlth   ++                       k - amulet of regeneration
HPRegen 1.08/turn                x - ring of flight
MPRegen 0.13/turn                (no ring)

@: corroded, flying, lightly drained, very slow
A: AC +2, large, see invisible, deformed body, poison resistance, slowness 2,
spit poison 1, naga tail 1
a: Spit Poison, Renounce Religion


You were on level 4 of the Dungeon.
You worshipped Kikubaaqudgha.
Kikubaaqudgha was noncommittal.
You visited 2 branches of the dungeon, and saw 7 of its levels.

You collected 227 gold pieces.

Inventory:

Hand Weapons
 a - a +2 dagger of venom (weapon)
 r - a +0 scimitar
 w - a +1 flail of holy wrath
Missiles
 d - 4 javelins
 f - 4 atropa-tipped darts
 m - 4 boomerangs of dispersal
 q - 4 boomerangs
 t - 5 poisoned darts
Armour
 j - the +2 cloak "Vammezxiy" (worn) {Slay+6}
   (You acquired it on level 3 of the Dungeon)

   Slay:      It affects your accuracy & damage with ranged weapons and melee
   (+6).
 l - a +0 robe (worn)
Jewellery
 k - an amulet of regeneration (around neck)
 x - a ring of flight (left hand)
Wands
 y - a wand of polymorph (7)
 z - a wand of digging (1)
Scrolls
 b - a scroll of vulnerability {unknown}
 e - 2 scrolls of fog
 g - 6 scrolls of teleportation
 n - a scroll of immolation {unknown}
 o - a scroll of enchant armour
 B - a scroll of enchant weapon {unknown}
Potions
 c - 3 potions of mutation
 h - 2 potions of heal wounds
 i - 2 potions of brilliance
 p - 2 potions of curing
 s - a potion of might {unknown}
 u - 4 potions of flight {unknown}
 v - a potion of lignification {unknown}
 A - a potion of magic


   Skills:
 + Level 2.6 Dodging
 - Level 3.0 Stealth
 - Level 4.0 Spellcasting
 - Level 4.0 Conjurations
 - Level 1.0 Transmutations
 - Level 4.0 Air Magic
 - Level 6.0 Poison Magic


You had 4 spell levels left.
You knew the following spells:

 Your Spells              Type           Power      Damage    Failure   Level
a - Sting                 Tmut/Pois      52%        1d5       4%          1
b - Poisonous Vapours     Pois/Air       36%        N/A       3%          2
c - Mephitic Cloud        Conj/Pois/Air  16%        N/A       9%          3
d - Olgreb's Toxic Radia  Pois           21%        N/A       16%         4

Your spell library contained the following spells:

 Spells                   Type           Power      Damage    Failure   Level


Dungeon Overview and Level Annotations

Branches:
Dungeon (6/15)             Temple (1/1) D:4

Altars:
Cheibriados
Elyvilon
Fedhas
Gozag
Hepliaklqana
Kikubaaqudgha
Makhleb
Nemelex Xobeh
Okawaru
Uskayaw
Wu Jian
Xom
Yredelemnul
Zin
The Shining One

Shops:
D:1 :


Innate Abilities, Weirdness & Mutations

Your serpentine skin is tough. (AC +2)
You have supernaturally acute eyesight. (SInv)
Armour fits poorly on your strangely shaped body.
Your system is resistant to poisons. (rPois)
You cover ground very slowly.
You can spit poison.
You have a snake-like lower body.


Message History

An orc comes into view. It is wielding a +0 club.
You see here a scroll labelled ITIMECV BIOTT.
B - a scroll labelled ITIMECV BIOTT The helpless orc fails to defend itself.
You impale the orc!!
You kill the orc!
Kikubaaqudgha accepts your kill.
The wight hits you from afar with a +3 halberd!
The wight hits you from afar with a +3 halberd.
The wight closely misses you.
The jelly quivers.
The jelly attacks as you move away! The jelly closely misses you.
The jelly hits you but does no damage. The jelly attacks as you move away!
The jelly hits you but does no damage. The jelly misses you.
There is an escape hatch in the ceiling here.
You puncture the jelly! The acid corrodes you!
Your hands burn!
The jelly is severely wounded.
The wight hits you from afar with a +3 halberd!
The jelly hits you but does no damage. The jelly hits you.
The acid corrodes you!
You are splashed with acid.
The wight hits you from afar with a +3 halberd!
You feel drained. A mysterious force pulls you upwards.
The hatch slams shut behind you.
You hit the jelly. The acid corrodes you!
Your hands burn!
* * * LOW HITPOINT WARNING * * *
The jelly is severely wounded.
The jelly hits you.
* * * LOW HITPOINT WARNING * * *
The acid corrodes you!
You are splashed with acid!
* * * LOW HITPOINT WARNING * * *
You hit the jelly but do no damage.
The jelly is poisoned.
The acid corrodes you!
Your hands burn!
* * * LOW HITPOINT WARNING * * *
The jelly is severely wounded.
The jelly hits you.
* * * LOW HITPOINT WARNING * * *
You are splashed with acid!
You die...
Kikubaaqudgha rasps: "You have failed me!
Welcome... death!"

#......................
#......................
##.....................
#.............).......
#.....................
#.....................
#.....###.............
#.....##..............
#....@##..............
#....J##.............#
#####.................
#...................
#.......)...........
#.......#...........
###.....#...........
#.....#^..........
#.....#...........


You could see a jelly (very poisoned).

Vanquished Creatures
  Sigmund (D:3)
  2 ogres (D:4)
  A centaur (D:5)
  An orc priest (D:3)
  2 sleepcaps
  An iguana (D:4)
  An orc wizard (D:4)
  12 adders
  3 dart slugs
  11 orcs
  4 bats
  6 endoplasms
  2 giant cockroaches
  11 goblins
  2 hobgoblins
  4 jackals
  8 kobolds
  4 quokkas
  6 ball pythons
  5 frilled lizards
  8 rats
95 creatures vanquished.

Notes
Turn   | Place    | Note
-------+----------+-------------------------------------------
     0 | D:1      | DeathPants the Naga Venom Mage began the quest for the Orb.
     0 | D:1      | Reached XP level 1. HP: 15/15 MP: 3/3
   218 | D:1      | Found Moipudghus's Vocational Training.
   274 | D:1      | Reached XP level 2. HP: 22/22 MP: 0/5
   452 | D:1      | Found a faded altar of an unknown god.
  1046 | D:2      | Reached skill level 5 in Poison Magic
  1079 | D:2      | Reached XP level 3. HP: 28/28 MP: 2/6
  1280 | D:2      | Found a hazy altar of Hepliaklqana.
  1333 | D:2      | Learned a level 2 spell: Poisonous Vapours
  1337 | D:2      | Learned a level 3 spell: Mephitic Cloud
  1898 | D:3      | Reached XP level 4. HP: 35/36 MP: 5/8
  2009 | D:3      | Noticed Sigmund
  2391 | D:3      | Reached skill level 6 in Poison Magic
  2431 | D:3      | Reached skill level 1 in Air Magic
  2459 | D:3      | Reached XP level 5. HP: 42/42 MP: 9/9
  2501 | D:3      | Identified a scroll of acquirement
  2501 | D:3      | Acquired the +2 cloak "Vammezxiy" {Slay+6}
  2583 | D:3      | Killed Sigmund
  2584 | D:3      | Reached XP level 6. HP: 41/49 MP: 1/11
  3085 | D:3      | Learned a level 4 spell: Olgreb's Toxic Radiance
  3125 | D:5      | Entered Level 5 of the Dungeon
  3125 | D:5      | Found a sparkling altar of Nemelex Xobeh.
  3132 | D:5      | Reached XP level 7. HP: 51/55 MP: 13/13
  3540 | D:4      | Found a staircase to the Ecumenical Temple.
  3556 | Temple   | Entered the Ecumenical Temple
  3637 | Temple   | Became a worshipper of Kikubaaqudgha
  4650 | D:5      | Found a glowing silver altar of Zin.
  4651 | D:5      | Found a hazy altar of Hepliaklqana.
  4800 | D:4      | HP: 1/53 [acid (2)]
  4800 | D:4      | Splashed by a jelly's acid

Illustrated notes

Levels and vault maps discovered:
D:1:      nzn_arrival_water_spiral, layout_loops_ring,
          ebering_ecumenical_altar_rust, nicolae_shop_vocational
D:2:      layout_loops_ring, basic_altar
D:3:      layout_rooms, minmay_snake_closets, uniq_sigmund
D:4:      layout_basic, temple_statues, st_stairs_1
D:5:      layout_loops_cross, nemelex_xobeh_ov_fountains_minmay,
          jmf_multi_god_temple
D:6:      lemuel_castle_with_subvaults [lemuel_castle_interior_carwin_1],
          layout_basic, general_overflow_altar, serial_bayou,
          serial_bayou_pond_d, serial_bayou_pond_d, serial_bayou_shore_a,
          serial_bayou_pond_e, grunt_tough_drop
Temple:   chequers_temple_sunken

Skill      XL: |  1  2  3  4  5  6  7 |
---------------+----------------------+-----
Poison Magic   | 5 6 |  6.0
Spellcasting   | 3 4 |  4.0
Air Magic      | 1 3 4 |  4.0
Conjurations   | 2 4 |  4.0
Dodging        | 2 |  2.6
Stealth        | |  3.0
Transmutations | |  1.0

Action                     |  1- 3 |  4- 6 |  7- 9 || total
---------------------------+-------+-------+-------++-------
  Melee: Unarmed           |    13 |       |       ||    13
         Dagger            |    37 |    56 |    41 ||   134
         Punch             |       |     2 |       ||     2
   Cast: Sting             |    52 |    12 |     1 ||    65
         Poisonous Vapours |       |     7 |    47 ||    54
         Mephitic Cloud    |       |       |     2 ||     2
    Use: Scroll            |       |    12 |       ||    12
         Potion            |       |       |     1 ||     1
   Stab: Sleeping          |     1 |    11 |     1 ||    13
 Armour: Robe              |    16 |    17 |    16 ||    49
  Dodge: Dodged            |    40 |    45 |    24 ||   109

Table legend: (Time is in decaauts)
 A = Elapsed time spent in this place.
 B = Non-inter-level travel time spent in this place.
 C = Inter-level travel time spent in this place.
 D = Time resting spent in this place.
 E = Time spent auto-exploring this place.
 F = Levels seen in this place.
 G = Mean time per level.
                   A        B        C        D        E       F      G
               +--------+--------+--------+--------+--------+-----+--------+
         Total |   5911 |   5675 |    236 |    367 |   3763 |   7 |  844.4 |
       Dungeon |   5762 |   5559 |    203 |    367 |   3671 |   6 |  960.3 |
        Temple |    148 |    115 |     33 |      0 |     92 |   1 |  148.0 |
               +--------+--------+--------+--------+--------+-----+--------+

Top non-repeatable levels by time:
     D:4: 1589 daAuts
     D:3: 1394 daAuts
     D:1: 1230 daAuts
     D:2: 1147 daAuts
     D:5: 395 daAuts
  Temple: 148 daAuts
     D:6: 5 daAuts
